 Dungeon Crawl Stone Soup version 0.29.1-15-g9cfb28693d (webtiles) character file.

Game seed: 8482616399318604899

450 jtron the Chopper (level 7, -3/81 (90) HPs)
             Began as a Gnoll Berserker on Mar 21, 2023.
             Was a Priest of Trog.
             Slain by a wight
             ... wielding a +4 falchion
              (5 damage)
             ... on level 7 of the Dungeon.
             The game lasted 00:04:31 (3590 turns).

jtron the Chopper (Gnoll Berserker)                 Turns: 3590, Time: 00:04:33

HP:   -3/81 (90)    AC:  7    Str: 16    XL:     7   Next: 4%
MP:   10/10         EV: 12    Int:  7    God:    Trog [***...]
Gold: 196           SH:  0    Dex: 13    Spells: 10/10 levels left

rFire   . . .      SeeInvis .   a - +0 hand axe
rCold   . . .      Faith    .   (no shield)
rNeg    . . .      Spirit   .   c - +0 ring mail
rPois   +          Reflect  .   (no helmet)
rElec   .          Harm     .   (no cloak)
rCorr   .          Rampage  .   e - +0 pair of gloves
Will    .....                   (no boots)
Stlth   ..........              (no amulet)
HPRegen 0.23/turn               d - ring of poison resistance
MPRegen 0.12/turn               (no ring)

@: berserking, heavily drained, very quick
A: fangs 1, strong nose, distributed training
a: Renounce Religion, Berserk, Trog's Hand


You were on level 7 of the Dungeon.
You worshipped Trog.
Trog was most pleased with you.
You visited 1 branch of the dungeon, and saw 5 of its levels.

You collected 196 gold pieces.

Inventory:

Hand Weapons
 a - a +0 hand axe (weapon)
 w - a +2 short sword of speed
Missiles
 h - 2 javelins (quivered)
 n - 3 poisoned darts
 t - 4 silver boomerangs
 y - 12 stones
Armour
 c - a +0 ring mail (worn)
 e - a +0 pair of gloves (worn)
Jewellery
 d - a ring of poison resistance (left hand)
 o - a ring of protection from fire
 u - an amulet of guardian spirit
Scrolls
 g - 2 scrolls of enchant armour {unknown}
 j - 2 scrolls of identify {unknown}
 k - 4 scrolls of fear {unknown}
 l - a scroll of magic mapping {unknown}
 m - a scroll of teleportation {unknown}
 r - a scroll of brand weapon {unknown}
 s - a scroll of torment {unknown}
 v - 3 scrolls of vulnerability {unknown}
 x - a scroll of immolation {unknown}
Potions
 b - 2 potions of curing {unknown}
 f - 2 potions of lignification
 i - a potion of attraction {unknown}
 p - 3 potions of heal wounds {unknown}
 q - 2 potions of flight {unknown}


   Skills:
 + Level 7.0 Fighting
 + Level 2.3 Short Blades
 + Level 2.3 Long Blades
 + Level 7.0 Axes
 + Level 2.3 Maces & Flails
 + Level 2.3 Polearms
 + Level 2.3 Staves
 + Level 2.3 Ranged Weapons
 + Level 2.3 Throwing
 + Level 5.1 Armour
 + Level 5.1 Dodging
 + Level 2.3 Stealth
 + Level 2.3 Shields
 + Level 2.3 Unarmed Combat
 + Level 2.3 Spellcasting
 + Level 1.9 Conjurations
 + Level 1.9 Hexes
 + Level 1.9 Summonings
 + Level 1.9 Necromancy
 + Level 1.9 Translocations
 + Level 1.9 Transmutations
 + Level 1.9 Fire Magic
 + Level 1.9 Ice Magic
 + Level 1.9 Air Magic
 + Level 1.9 Earth Magic
 + Level 1.9 Poison Magic
 + Level 2.5 Invocations
 + Level 2.3 Evocations


You had 10 spell levels left.
You didn't know any spells.
Your spell library was empty.

Dungeon Overview and Level Annotations

Branches:
Dungeon (4/15)
 Temple: D:4-7

Altars:
Sif Muna

Shops:
D:2 *


Innate Abilities, Weirdness & Mutations

You have very sharp teeth.
Your uncanny sense of smell can sniff out nearby items.
Your experience applies equally to all skills.


Message History

You are too injured to fight recklessly!
You are too injured to fight recklessly!
You are too injured to fight recklessly!
You are too injured to fight recklessly!
You are too injured to fight recklessly!
You hit the white imp.
The white imp is heavily wounded.
You hit the wight. You closely miss the wight.
The wight hits you with a +4 scimitar of freezing!
* * * LOW HITPOINT WARNING * * *
The wight freezes you.
* * * LOW HITPOINT WARNING * * *
The wight misses you.
The white imp hits you but does no damage.
You slash the wight!
The wight is almost destroyed.
You hit the orc wizard. You hit the white imp.
You kill the white imp!
Trog accepts your kill.
You closely miss the wight. You hit the wight.
You are too berserk!
You hit the orc wizard.
The orc wizard is moderately wounded.
You hit the wight.
You destroy the wight!
Trog accepts your kill.
You hit the wight. x2; The wight barely misses you.
The wight hits you with a +4 falchion.
* * * LOW HITPOINT WARNING * * *
The orc wizard hits you but does no damage.
Your Fighting skill increases to level 7!
Your Axes skill increases to level 7!
You have reached level 7!
You hit the orc wizard.
The orc wizard is severely wounded.
You closely miss the orc. You barely miss the wight. You hit the wight.
The wight hits you with a +4 falchion!
* * * LOW HITPOINT WARNING * * *
You feel drained.
You die...

##### .... #..# #..#
#.#..########
#.#...o@zz..#
#.#..zo)z.#.#
#.#.#.###.# ∆
#...#..<#.# ∆
#..:#..##!# ∆
+...+5.##z#
#...##o...# #.....
#...##.####
#........#...+:....o


You could see 4 wights, an orc wizard and an orc.

Vanquished Creatures
  2 necrophages (D:4)
  A bullfrog (D:4)
  A wight (D:7)
  A hound (D:4)
  A gnoll bouda (D:7)
  4 adders
  4 gnolls (D:7)
  A white imp (D:7)
  2 worms
  A dart slug (D:4)
  7 orcs
  4 bats
  2 endoplasms
  A giant cockroach (D:4)
  5 goblins
  5 hobgoblins
  2 jackals (D:1)
  4 quokkas
  10 ball pythons
  3 frilled lizards
  5 kobolds
  3 rats
69 creatures vanquished.

Notes
Turn   | Place    | Note
-------+----------+-------------------------------------------
     0 | D:1      | jtron the Gnoll Berserker began the quest for the Orb.
     0 | D:1      | Reached XP level 1. HP: 23/23 MP: 1/1
   248 | D:1      | Reached XP level 2. HP: 26/29 MP: 2/2
   583 | D:1      | Reached ** piety under Trog
   941 | D:2      | Reached XP level 3. HP: 32/35 MP: 3/3
  1025 | D:2      | Found Zucs's Assorted Antiques.
  1305 | D:2      | Found a faded altar of an unknown god.
  1352 | D:2      | Reached skill level 1 in Invocations
  1704 | D:3      | Reached skill level 1 in Short Blades
  1704 | D:3      | Reached skill level 1 in Long Blades
  1704 | D:3      | Reached skill level 1 in Maces & Flails
  1704 | D:3      | Reached skill level 1 in Polearms
  1704 | D:3      | Reached skill level 1 in Staves
  1704 | D:3      | Reached skill level 1 in Ranged Weapons
  1704 | D:3      | Reached skill level 1 in Throwing
  1704 | D:3      | Reached skill level 1 in Stealth
  1704 | D:3      | Reached skill level 1 in Shields
  1704 | D:3      | Reached skill level 1 in Unarmed Combat
  1704 | D:3      | Reached skill level 1 in Spellcasting
  1704 | D:3      | Reached skill level 1 in Evocations
  1750 | D:3      | Reached XP level 4. HP: 37/41 MP: 5/5
  2197 | D:3      | Found a shimmering blue altar of Sif Muna.
  2355 | D:3      | Reached skill level 1 in Conjurations
  2355 | D:3      | Reached skill level 1 in Hexes
  2355 | D:3      | Reached skill level 1 in Summonings
  2355 | D:3      | Reached skill level 1 in Necromancy
  2355 | D:3      | Reached skill level 1 in Translocations
  2355 | D:3      | Reached skill level 1 in Transmutations
  2355 | D:3      | Reached skill level 1 in Fire Magic
  2355 | D:3      | Reached skill level 1 in Ice Magic
  2355 | D:3      | Reached skill level 1 in Air Magic
  2355 | D:3      | Reached skill level 1 in Earth Magic
  2355 | D:3      | Reached skill level 1 in Poison Magic
  2696 | D:4      | Noticed a necrophage
  2708 | D:4      | Killed a necrophage
  2709 | D:4      | Reached XP level 5. HP: 42/47 MP: 5/7
  2880 | D:4      | Reached skill level 5 in Armour
  2880 | D:4      | Reached skill level 5 in Dodging
  2880 | D:4      | Reached XP level 6. HP: 35/53 MP: 8/8
  3342 | D:4      | You fall into a shaft and drop 3 floors!
  3355 | D:7      | Reached *** piety under Trog
  3590 | D:7      | Reached XP level 7. HP: 13/56 MP: 10/10
  3590 | D:7      | HP: 2/84 [wight/+4 falchion (11)]
  3590 | D:7      | Slain by a wight

Illustrated notes

Levels and vault maps discovered:
D:1:      dpeg_arrival_round_c, layout_basic, wad_floor_pattern_2,
          kennysheep_pointless_box
D:2:      layout_loops_corners, ebering_ecumenical_altar_box, serial_shops,
          nicolae_shop_temple_entry_statues_fountains
D:3:      layout_rooms, nicolae_sif_muna_condensation,
          nicolae_concentric_dashed_squares_wild
D:4:      layout_basic
D:7:      layout_basic

Skill      XL: |  1  2  3  4  5  6 |
---------------+-------------------+-----
Invocations    | 1 2 |  2.5
Short Blades   | 1 2 |  2.3
Long Blades    | 1 2 |  2.3
Maces & Flails | 1 2 |  2.3
Polearms       | 1 2 |  2.3
Staves         | 1 2 |  2.3
Ranged Weapons | 1 2 |  2.3
Throwing       | 1 2 |  2.3
Stealth        | 1 2 |  2.3
Shields        | 1 2 |  2.3
Unarmed Combat | 1 2 |  2.3
Spellcasting   | 1 2 |  2.3
Evocations     | 1 2 |  2.3
Conjurations   | 1 |  1.9
Hexes          | 1 |  1.9
Summonings     | 1 |  1.9
Necromancy     | 1 |  1.9
Translocations | 1 |  1.9
Transmutations | 1 |  1.9
Fire Magic     | 1 |  1.9
Ice Magic      | 1 |  1.9
Air Magic      | 1 |  1.9
Earth Magic    | 1 |  1.9
Poison Magic   | 1 |  1.9
Armour         | 5 |  5.1
Dodging        | 5 |  5.1
Fighting       | 7 |  7.0
Axes           | 7 |  7.0

Action                   |  1- 3 |  4- 6 |  7- 9 || total
-------------------------+-------+-------+-------++-------
Melee: Hand axe          |    70 |   123 |     1 ||   194
       Bite              |     6 |     7 |       ||    13
       Punch             |     1 |       |       ||     1
Invok: Berserk           |       |     2 |       ||     2
  Use: Potion            |       |     1 |       ||     1
Armor: Animal skin       |     2 |       |       ||     2
       Ring mail         |    21 |    34 |       ||    55
       Skin              |       |     1 |       ||     1
Dodge: Dodged            |    40 |    78 |       ||   118
